 Dungeon Sprint DCSS version 0.17-a0-1763-g847a857 (webtiles) character file.

5518 KambridgeKobold the Brawler (level 10, 0/117 HPs)
             Began as a Troll Monk on Sept 5, 2015.
             Was a High Priest of Ru.
             Slain by a hellwing (9 damage)
             ... in the Dungeon (Sprint I: "Red Sonja").
             The game lasted 00:08:45 (1504 turns).

KambridgeKobold the Brawler (Troll Monk)            Turns: 1504, Time: 00:08:45

Health: 0/117      AC:  5    Str: 21    XL:     10   Next: 43%
Magic:  7/9        EV: 19    Int:  8    God:    Ru [*****.]
Gold:   747        SH:  0    Dex: 13    Spells: 1 memorised, 8 levels left

rFire  . . .     SeeInvis .       - Unarmed
rCold  . . .     Clarity  .     a - +0 robe
rNeg   . . .     SustAt   .     (no shield)
rPois  .         Gourm    +     (helmet restricted)
rElec  .         Spirit   .     (no cloak)
rCorr  .         Warding  .     (gloves unavailable)
rMut   .         NoTele   +     (boots unavailable)
MR     .....                    (no amulet)
Stlth  +.........               (no ring)
                                e - +3 ring of evasion

@: no scrolls, not resistant to hostile enchantments, very unstealthy
A: unfitting armour, claws 3, fast metabolism 3, gourmand, regeneration 2,
shaggy fur 1, tough skin 2, inability to read while threatened, inability to use
devices, hated by all
a: Draw Out Power, Power Leap, Apocalypse, Renounce Religion


You were in the Dungeon.
You worshipped Ru.
Ru was extremely pleased with you.
You were completely stuffed.

You visited 1 branch You collected 864 gold pieces.
You spent 117 gold pieces at shops.

Inventory:

Missiles
 g - 17 stones (quivered)
Armour
 a - a +0 robe (worn)
Jewellery
 e - a +3 ring of evasion (left claw)
Scrolls
 h - 2 scrolls of blinking
 j - a scroll of recharging {unknown}
Potions
 c - a potion of curing
 d - a potion of heal wounds
 f - 2 potions of magic
 i - a potion of flight {unknown}
 m - a potion of degeneration
Books
 k - a book of Beasts

   Spells                             Type                      Level
   a - Summon Butterflies             Summoning                    1
   b - Call Canine Familiar           Summoning                    3
   c - Summon Ice Beast               Ice/Summoning                4
   d - Summon Mana Viper              Hexes/Summoning              5
   e - Summon Hydra                   Summoning                    7
Comestibles
 b - 2 bread rations


   Skills:
 - Level 12.3 Fighting
 + Level 11.4 Dodging
 - Level 1.1 Stealth
 * Level 15.4 Unarmed Combat


You had 8 spell levels left.
You knew the following spells:

 Your Spells              Type           Power        Failure   Level  Hunger
a - Summon Butterflies    Summ           #.......     43%         1    ##.....


Dungeon Overview and Level Annotations

Branches:
Dungeon (1/1)

Altars:
Cheibriados
Dithmenos
Elyvilon
Fedhas
Gozag
Kikubaaqudgha
Makhleb
Nemelex Xobeh
Okawaru
Qazlal
Ru
Sif Muna
Trog
Vehumet
Xom
Yredelemnul
Zin
The Shining One
Jiyva

Shops:
D !


Innate Abilities, Weirdness & Mutations

You are too large for most types of armour.
You have claws for hands.
Your metabolism is lightning-fast.
You like to eat raw meat.
You heal very quickly.
You are covered in fur (AC +1).
You have very tough skin (AC +2).
You cannot read scrolls while threatened.
You cannot study or use magical devices.
You are hated by all.


Message History

You mangle the siren!!
The siren is severely wounded.
The siren chants its luring song.
The hellwing closely misses you. The hellwing hits you.
* * * LOW HITPOINT WARNING * * *
You claw the siren!
You are no longer entranced.
You kill the siren!
The hellwing begins to attack, but is stunned by your will!
Really walk into a travel-excluded area?
Okay, then.
You mangle the hellwing!!
The hellwing is severely wounded.
The hellwing blocks your attack.
The hellwing is severely wounded.
The hellwing barely misses you. The hellwing completely misses you.
The hellwing blocks your attack.
The hellwing is severely wounded.
The hellwing hits you!
You die...

###########################
#..#§§.§'§§.§.§§4)#^^+§..§#
##'#§####§§§§§##@)'^^#§..§#
'§.#.# ##§§§#######'#§§§$$#
#.§'.# ###+# ..#§§§§§#
#+#### #..##$§$$#
#.m≈###+## #..≈ #..≈. #..≈#


You could see a hellwing.

Vanquished Creatures
  A deep elf annihilator (D)
  A lindwurm (D)
  2 sirens (D)
  2 kobold demonologists (D)
  4 demonic crawlers (D)
  A slime creature (D)
  Sigmund (D)
  A yak (D)
  13 hogs (D)
  An ogre (D)
  A jelly (D)
  Ijyb (D)
  2 giant eyeballs (D)
31 creatures vanquished.

Vanquished Creatures (others)
  A gargoyle (D)
1 creature vanquished.

Grand Total: 32 creatures vanquished

Notes
Turn   | Place    | Note
--------------------------------------------------------------
     0 | D        | KambridgeKobold the Troll Monk began the quest for the Orb.
     0 | D        | Reached XP level 1. HP: 22/22 MP: 0/0
     1 | D        | Noticed Ijyb
    10 | D        | Killed Ijyb
    10 | D        | Reached skill level 5 in Unarmed Combat
    10 | D        | Reached XP level 2. HP: 29/32 MP: 1/1
    17 | D        | Noticed an ogre
    24 | D        | Killed an ogre
    24 | D        | Reached skill level 6 in Fighting
    24 | D        | Reached XP level 3. HP: 17/44 MP: 2/2
    24 | D        | Reached XP level 4. HP: 20/52 MP: 3/3
   180 | D        | Noticed Sigmund
   187 | D        | Killed Sigmund
   187 | D        | Reached skill level 7 in Fighting
   187 | D        | Reached skill level 5 in Dodging
   187 | D        | Reached XP level 5. HP: 39/63 MP: 4/4
   187 | D        | Reached XP level 6. HP: 44/72 MP: 5/5
   242 | D        | Found a deep blue altar of Sif Muna.
   243 | D        | Noticed a jelly
   244 | D        | Found a radiant altar of Vehumet.
   246 | D        | Killed a jelly
   246 | D        | Reached skill level 8 in Fighting
   255 | D        | Learned a level 1 spell: Summon Butterflies
   281 | D        | Found Netar's Distillery.
   281 | D        | Found a white marble altar of Elyvilon.
   281 | D        | Found a stormy altar of Qazlal.
   281 | D        | Found a burning altar of Makhleb.
   281 | D        | Found a sacrificial altar of Ru.
   281 | D        | Found a basalt altar of Yredelemnul.
   281 | D        | Found a glowing golden altar of the Shining One.
   281 | D        | Found a sparkling altar of Nemelex Xobeh.
   281 | D        | Found a shimmering altar of Xom.
   281 | D        | Found an opulent altar of Gozag.
   281 | D        | Found an ancient bone altar of Kikubaaqudgha.
   281 | D        | Found a glowing silver altar of Zin.
   281 | D        | Noticed a yak
   294 | D        | Killed a yak
   294 | D        | Reached skill level 9 in Fighting
   300 | D        | Found an iron altar of Okawaru.
   301 | D        | Found a bloodstained altar of Trog.
   305 | D        | Bought a potion of degeneration for 13 gold pieces
   305 | D        | Bought a potion of curing for 39 gold pieces
   305 | D        | Bought a potion of heal wounds for 65 gold pieces
   307 | D        | Became a worshipper of Ru the Awakened
   315 | D        | Gained mutation: You cannot study or use magical devices. [Ru sacrifice]
   315 | D        | Acquired Ru's first power
   315 | D        | Acquired Ru's second power
   315 | D        | Acquired Ru's third power
   359 | D        | Found a snail-covered altar of Cheibriados.
   359 | D        | Found a viscous altar of Jiyva.
   359 | D        | Found a shadowy altar of Dithmenos.
   359 | D        | Found a blossoming altar of Fedhas.
   359 | D        | Noticed a slime creature
   370 | D        | Killed a slime creature
   370 | D        | Reached XP level 7. HP: 31/84 MP: 6/6
   463 | D        | Noticed a kobold demonologist
   464 | D        | Noticed a kobold demonologist
   471 | D        | Noticed a sun demon
   473 | D        | Noticed a soul eater
   475 | D        | Killed a kobold demonologist
   475 | D        | Reached skill level 10 in Fighting
   478 | D        | Killed a kobold demonologist
   478 | D        | Reached skill level 11 in Fighting
   478 | D        | Reached XP level 8. HP: 54/97 MP: 7/7
   558 | D        | Noticed a demonic crawler
   558 | D        | Noticed a demonic crawler
   558 | D        | Noticed a demonic crawler
   558 | D        | Noticed a demonic crawler
   567 | D        | Killed a demonic crawler
   567 | D        | Reached skill level 10 in Unarmed Combat
   569 | D        | Killed a gargoyle
   573 | D        | Killed a demonic crawler
   582 | D        | Killed a demonic crawler
   582 | D        | Reached skill level 12 in Fighting
   714 | D        | Killed a demonic crawler
   714 | D        | Reached XP level 9. HP: 52/107 MP: 8/8
   928 | D        | Noticed a lindwurm
   933 | D        | Killed a lindwurm
   958 | D        | Gained mutation: You cannot read scrolls while threatened. [Ru sacrifice]
   958 | D        | Acquired Ru's fourth power
   965 | D        | Noticed a hog
   965 | D        | Noticed a hog
   965 | D        | Noticed a hog
   965 | D        | Noticed a hog
   965 | D        | Noticed a hog
   965 | D        | Noticed a hog
   966 | D        | Noticed a hog
   967 | D        | Noticed a hog
   967 | D        | Noticed a hog
   967 | D        | Noticed a hog
   971 | D        | Killed a hog
   973 | D        | Killed a hog
   976 | D        | Killed a hog
   982 | D        | Killed a hog
   982 | D        | Reached skill level 10 in Dodging
   987 | D        | Killed a hog
   987 | D        | Reached skill level 13 in Unarmed Combat
   990 | D        | Noticed a hog
   990 | D        | Noticed a hog
   995 | D        | Killed a hog
   998 | D        | Killed a hog
  1000 | D        | Noticed a hog
  1009 | D        | Killed a hog
  1010 | D        | Killed a hog
  1014 | D        | Killed a hog
  1022 | D        | Killed a hog
  1022 | D        | Reached skill level 14 in Unarmed Combat
  1022 | D        | Reached XP level 10. HP: 16/117 MP: 9/9
  1028 | D        | Killed a hog
  1183 | D        | Gained mutation: You are hated by all. [Ru sacrifice]
  1183 | D        | Acquired Ru's fifth power
  1204 | D        | Killed a hog
  1231 | D        | Noticed a 12-headed hydra
  1279 | D        | Paralysed by a giant eyeball for 2 turns
  1447 | D        | Noticed a siren
  1453 | D        | Noticed a hellwing
  1473 | D        | Noticed a deep elf annihilator
  1488 | D        | Killed a deep elf annihilator
  1488 | D        | Reached skill level 15 in Unarmed Combat
  1492 | D        | Noticed a siren
  1498 | D        | Killed a siren
  1498 | D        | HP: 2/117 [hellwing (8)]
  1501 | D        | Killed a siren
  1504 | D        | Slain by a hellwing

Vault maps used:
D:        dungeon_sprint_1

Action                   |  1- 3 |  4- 6 |  7- 9 | 10-12 || total
-------------------------+-------+-------+-------+-------++-------
Melee: Unarmed           |    13 |    25 |    98 |    37 ||   173
 Cast: Summon Butterflie |       |     1 |     1 |       ||     2
Invok: Sacrifice Artific |       |     1 |       |       ||     1
       Draw Out Power    |       |       |     1 |       ||     1
       Sacrifice Words   |       |       |     1 |       ||     1
       Power Leap        |       |       |       |     2 ||     2
       Sacrifice Love    |       |       |       |     1 ||     1
  Use: Potion            |       |       |     2 |     2 ||     4
 Stab: Distracted        |       |       |     1 |       ||     1
       Invisible         |       |       |     1 |       ||     1
       Sleeping          |       |       |       |     1 ||     1
  Eat: Chunk             |       |     6 |     5 |     9 ||    20
